 Dungeon Crawl Stone Soup version 0.26-a0-412-ga3d1f51b (webtiles) character file.

Game seed: 2572747988965470773

2384 Illumine the Basher (level 9, -4/93 HPs)
             Began as an Ogre Berserker on July 24, 2020.
             Was an Elder of Trog.
             Slain by an orc warrior
             ... wielding a +0 glaive
              (15 damage)
             ... in a bailey.
             The game lasted 00:15:18 (8290 turns).

Illumine the Basher (Ogre Berserker)                Turns: 8290, Time: 00:15:20

Health: -4/93      AC:  5    Str: 35    XL:     9   Next: 45%
Magic:  9/9        EV: 12    Int:  8    God:    Trog [****..]
Gold:   240        SH:  0    Dex: 11    Spells: 8/8 levels left

rFire    . . .     SeeInvis .   m - +0 giant club
rCold    . . .     Faith    +   (shield currently unavailable)
rNeg     . . .     Spirit   .   s - +2 robe {MR+}
rPois    .         Reflect  .   (helmet restricted)
rElec    .         Harm     .   (no cloak)
rCorr    .                      (gloves unavailable)
MR       +++..                  (boots unavailable)
Stlth    +.........             z - amulet of faith
HPRegen  1.25/turn              g - +6 ring of strength
MPRegen  0.11/turn              d - +6 ring of strength

@: regenerating
A: large, unfitting armour, tough skin 1
a: Berserk, Trog's Hand, Brothers in Arms, Renounce Religion


You were in a bailey.
You worshipped Trog.
Trog was greatly pleased with you.
You visited 1 branch of the dungeon, and saw 7 of its levels.
You also visited: Ossuary and Bailey.

You collected 372 gold pieces.
You spent 132 gold pieces at shops.

Inventory:

Hand Weapons
 a - a +0 mace
 m - a +0 giant club (weapon)
Missiles
 k - 2 boomerangs (quivered)
 l - 173 stones
 v - a throwing net
 D - 15 poisoned darts
Armour
 s - a +2 robe of magic resistance (worn)
Jewellery
 d - a +6 ring of strength (right hand)
 g - a +6 ring of strength (left hand)
 t - an uncursed ring of magical power
 w - an uncursed ring of protection from fire
 z - an amulet of faith (around neck)
 B - a +4 ring of protection
 E - a +6 ring of strength
Wands
 A - a wand of clouds (4)
 H - a wand of digging (5)
Scrolls
 f - 4 scrolls of enchant armour
 h - 4 scrolls of fear
 q - 2 scrolls of remove curse
 x - 2 scrolls of blinking {unknown}
 y - 3 scrolls of teleportation {unknown}
 F - a scroll of fog {unknown}
Potions
 b - 2 potions of resistance
 c - 5 potions of curing
 e - a potion of heal wounds
 i - 2 potions of might
 j - a potion of stabbing {unknown}
 n - 2 potions of haste {unknown}
 o - 4 potions of lignification
 p - 2 potions of flight {unknown}
 r - a potion of berserk rage {unknown}
 C - a potion of magic {unknown}
 G - a potion of mutation {unknown}


   Skills:
 + Level 7.3 Fighting
 * Level 9.2 Maces & Flails
 + Level 3.4 Throwing
 + Level 5.4 Dodging


You had 8 spell levels left.
You didn't know any spells.
Your spell library was empty.

Dungeon Overview and Level Annotations

Branches:
Dungeon (7/15)             Temple (0/1) D:6         Ossuary (visited)
 Bailey (1/1)

Altars:
Dithmenos
Okawaru
The Shining One

Shops:
D:4 [![


Innate Abilities, Weirdness & Mutations

You are too large for most types of armour.
You have tough skin. (AC +1)


Message History

Found a gate leading back out of this place.
An orc comes into view. It is wielding a +0 halberd.
Throwing (i - inventory. (/) - cycle)
k - 2 boomerangs (quivered)
Press: ? - help, Shift-Dir - straight line, f/p - orc
Aim: an orc, wielding a -3 spear and wearing a +0 scale mail You throw a boomerang.
The boomerang barely misses the orc.
The orc closely misses you.
Unknown command.
The orc hits you from afar with a +0 halberd.
* * * LOW HITPOINT WARNING * * *
The orc hits you from afar with a +0 halberd!
* * * LOW HITPOINT WARNING * * *
Evoke which item? (* to show all) (? for menu, Esc to quit)
Press: ? - help, Dir - move target cursor, f/p - orc
Aim: an orc, wielding a -3 spear and wearing a +0 scale mail You create a blast of poison gas!
The orc warrior is engulfed in poison gas.
The orc warrior is poisoned.
The orc warrior hits you from afar with a +0 glaive!
You die...

########### ##....@....#
##..≈≈§§≈≈≈..#
##..≈§oo§.o≈≈..#
#########..≈§§o###..≈≈..
..........≈≈§§## #..≈≈.
.≈≈≈≈≈≈≈≈≈≈.o##.∩.##..≈≈
.≈).........## ... #...
.≈.########## #+## ###
.≈.##


You could see an orc warrior (poisoned) and 4 orcs.

Vanquished Creatures
  Grinder (D:5)
  Eustachio (D:5)
  2 sky beasts (D:6)
  A phantom (D:6)
  2 ogres (D:4)
  2 centaurs
  2 elf zombies (Ossuary)
  A bullfrog (D:6)
  A water moccasin zombie (D:6)
  4 scorpions
  2 jellies (D:6)
  6 centaur zombies
  2 bullfrog zombies
  A human zombie (Ossuary)
  An orc priest (D:3)
  2 bullfrog skeletons (D:4)
  3 centaur skeletons
  2 iguanas
  3 worker ants
  A killer bee zombie (D:6)
  2 mummies (Ossuary)
  2 worker ant zombies (D:6)
  4 gnolls
  6 adders
  A shadow imp (D:3)
  A white imp (D:6)
  An adder skeleton (D:4)
  2 adder zombies
  4 worms
  7 dart slugs
  5 leopard geckos
  3 orcs
  A ball python (D:6)
  4 giant cockroaches
  12 goblins
  14 hobgoblins
  2 jackals (D:2)
  2 quokkas
  14 bats
  6 frilled lizards
  9 hobgoblin zombies (Ossuary)
  2 jackal zombies (Ossuary)
  14 kobolds
  11 kobold zombies (Ossuary)
  A leopard gecko skeleton (D:4)
  A leopard gecko zombie (D:6)
  6 orc zombies (Ossuary)
  13 rats
  A rat zombie (Ossuary)
191 creatures vanquished.

Notes
Turn   | Place    | Note
-------+----------+-------------------------------------------
     0 | D:1      | Illumine the Ogre Berserker began the quest for the Orb.
     0 | D:1      | Reached XP level 1. HP: 24/24 MP: 1/1
    68 | D:1      | Reached skill level 3 in Maces & Flails
    72 | D:1      | Reached XP level 2. HP: 18/32 MP: 2/2
   919 | D:1      | Reached XP level 3. HP: 36/39 MP: 3/3
   993 | D:1      | Reached ** piety under Trog
  1410 | D:2      | Reached XP level 4. HP: 47/48 MP: 4/4
  1648 | D:2      | Reached skill level 4 in Maces & Flails
  2487 | D:2      | Reached XP level 5. HP: 52/54 MP: 5/5
  2829 | D:3      | Reached *** piety under Trog
  3750 | D:3      | Reached skill level 5 in Maces & Flails
  3854 | D:3      | Reached XP level 6. HP: 62/62 MP: 6/6
  3927 | D:4      | Found Upsuegaw's Antique Armour Boutique.
  3930 | D:4      | Bought a runed robe for 92 gold pieces
  4055 | D:4      | Found a sand-covered staircase.
  4122 | D:4      | Found Jol Jinu's Distillery.
  4127 | D:4      | Bought a potion of degeneration for 10 gold pieces
  4127 | D:4      | Bought a potion of curing for 30 gold pieces
  4338 | Ossuary  | Entered an ossuary
  4444 | Ossuary  | Reached **** piety under Trog
  4473 | Ossuary  | Reached XP level 7. HP: 50/71 MP: 7/7
  4474 | Ossuary  | Reached skill level 6 in Maces & Flails
  4739 | D:4      | Found Comuutt's Antique Armour Emporium.
  4757 | D:4      | Reached skill level 7 in Maces & Flails
  4926 | D:4      | Reached XP level 8. HP: 74/79 MP: 8/8
  5443 | D:4      | Found an iron altar of Okawaru.
  5550 | D:5      | Entered Level 5 of the Dungeon
  5550 | D:5      | Noticed Eustachio
  5555 | D:5      | Killed Eustachio
  5555 | D:5      | Reached skill level 5 in Fighting
  5555 | D:5      | Reached skill level 8 in Maces & Flails
  5728 | D:5      | Reached skill level 1 in Throwing
  6090 | D:5      | Found a shadowy altar of Dithmenos.
  6156 | D:5      | Noticed Grinder
  6173 | D:5      | Killed Grinder
  6634 | D:5      | Found a glowing golden altar of the Shining One.
  6839 | D:6      | Reached skill level 5 in Dodging
  6839 | D:6      | Reached XP level 9. HP: 92/92 MP: 9/9
  7115 | D:6      | Reached skill level 9 in Maces & Flails
  7220 | D:6      | Found a staircase to the Ecumenical Temple.
  8092 | D:7      | Found a flagged portal.
  8128 | Bailey   | Entered a bailey
  8270 | Bailey   | HP: 4/93 [orc warrior/+0 glaive (11)]
  8290 | Bailey   | Slain by an orc warrior

Illustrated notes

Levels and vault maps discovered:
D:1:      dpeg_arrival_tiny_i, layout_basic, minivault_14, minmay_pentomino_u4
D:2:      minmay_razor_zed, layout_loops_ring
D:3:      layout_loops_cross
D:4:      layout_loops_ring, serial_shops, shop_fountains,
          nicolae_shop_behind_doors, nicolae_shop_crystal,
          nicolae_ossuary_entry_false_entrances, hex_large,
          okawaru_metal_pillars_1_2
D:5:      layout_basic, basic_altar, tso_altar, uniq_eustachio, uniq_grinder
D:6:      layout_basic, minmay_temple_entry_arrows, serial_undead,
          serial_undead_b, serial_undead_f, serial_undead_d, serial_undead_a
D:7:      layout_loops_corners, enter_bailey_3, palyth_stone_intersect,
          patterned_corridor
Bailey:   bailey_polearm_1, bailey

Skill      XL: |  1  2  3  4  5  6  7  8  9 |
---------------+----------------------------+-----
Maces & Flails | 3 4 5 7 8 9 |  9.2
Dodging        | 3 4 5 |  5.4
Fighting       | 6 7 |  7.3
Throwing       | 2 3 |  3.4

Action                   |  1- 3 |  4- 6 |  7- 9 || total
-------------------------+-------+-------+-------++-------
Melee: Mace              |   133 |   191 |       ||   324
       Giant club        |       |    43 |   201 ||   244
Throw: Stone             |       |     8 |       ||     8
       Throwing net      |       |     1 |       ||     1
       Boomerang         |       |       |    30 ||    30
Invok: Berserk           |       |     1 |       ||     1
       Trog's Hand       |       |       |     5 ||     5
Evoke: Wand              |       |       |     1 ||     1
  Use: Scroll            |       |     9 |     5 ||    14
       Potion            |       |       |     3 ||     3
Armor: Animal skin       |    80 |    38 |       ||   118
       Robe              |       |    15 |    48 ||    63
Dodge: Dodged            |   110 |   111 |   157 ||   378

Table legend: (Time is in decaauts)
 A = Elapsed time spent in this place.
 B = Non-inter-level travel time spent in this place.
 C = Inter-level travel time spent in this place.
 D = Time resting spent in this place.
 E = Time spent auto-exploring this place.
 F = Levels seen in this place.
 G = Mean time per level.
                   A        B        C        D        E       F      G
               +--------+--------+--------+--------+--------+-----+--------+
         Total |   8427 |   8220 |    207 |   2171 |   4183 |   9 |  936.3 |
       Dungeon |   7886 |   7679 |    207 |   2029 |   4108 |   7 | 1126.6 |
       Ossuary |    377 |    377 |      0 |     53 |     50 |   1 |  377.0 |
        Bailey |    163 |    163 |      0 |     89 |     25 |   1 |  163.0 |
               +--------+--------+--------+--------+--------+-----+--------+

Top non-repeatable levels by time:
     D:1: 1389 daAuts
     D:6: 1351 daAuts
     D:2: 1350 daAuts
     D:4: 1284 daAuts
     D:3: 1259 daAuts
     D:5: 1174 daAuts
 Ossuary: 377 daAuts
  Bailey: 163 daAuts
     D:7: 76 daAuts
